AoeStats
← Malelf

Arabia

507923004Analyzed
1v1 RM · 12d ago on Sep 20, 2026· 38m 2s· 2 players
Game mode
Random Map
Map size
Tiny (2 player)
Population
200
Speed
Normal
Resources
Standard
Victory
Conquest
Starting age
Dark Age
Ending age
Imperial Age
RankedLock teamsTeams togetherTeam positionsShared explorationLock speedFull tech treeHidden civsTurbo modeCheats
Victory
Defeat
🇮🇹 Malay · Italy
1704
+13
🇹🇷 Berbers · Türkiye
1629
-13
ツ Lupinamet
6:46 Loom
9:25 Feudal Age
9:57 Double-Bit Axe
10:09 Horse Collar
17:33 Fletching
22:28 Castle Age
22:22 Scale Barding Armor
22:29 Forging
25:04 Gold Mining
26:25 Husbandry
29:09 Bloodlines
31:48 Town Watch
32:20 Squires
34:04 Chain Barding Armor
Malelf
8:08 Loom
10:46 Feudal Age
10:35 Double-Bit Axe
10:58 Man-at-Arms
11:37 Horse Collar
20:06 Castle Age
18:14 Gold Mining
19:50 Wheelbarrow
19:58 Scale Barding Armor
25:32 Devotion
26:34 Forging
27:28 Bow Saw
27:20 Heavy Plow
28:20 Crossbowman
29:58 Hand Cart
30:05 Ballistics
30:11 Fletching
30:22 Padded Archer Armor
31:06 Gold Shaft Mining
30:54 Bodkin Arrow
32:19 Leather Archer Armor
31:54 Town Watch
38:04 Imperial Age
36:35 Thumb Ring
37:46 Iron Casting
36:52 Arbalester
38:43 Chemistry
Connection lost

Rejoining the realm…

Still unreachable

The connection could not be restored.

Session expired

The server has moved on; the page needs a fresh start.